 Dungeon Crawl Stone Soup version 0.26.1-11-gd32895ea62 (webtiles) character file.

Game seed: 1304139393812624919

771 Zeld the Twirler (level 7, 0/67 HPs)
             Began as an Octopode Gladiator on May 21, 2021.
             Slain by an adder (2 damage)
             ... on level 5 of the Dungeon.
             The game lasted 00:04:09 (4490 turns).

Zeld the Twirler (Octopode Gladiator)               Turns: 4490, Time: 00:04:10

Health: 0/67       AC:  1    Str: 13    XL:     7   Next: 83%
Magic:  7/7        EV: 15    Int: 10    God:
Gold:   267        SH:  0    Dex: 16    Spells: 6/6 levels left

rFire    . . .     SeeInvis .   a - +0 quarterstaff
rCold    . . .     Faith    .   (shield currently unavailable)
rNeg     . . .     Spirit   .   b - +0 hat
rPois    .         Reflect  .   (no amulet)
rElec    .         Harm     .   (no ring)
rCorr    .         Rampage  .   (no ring)
Will     .....                  (no ring)
Stlth    ..........             (no ring)
HPRegen  0.21/turn              (no ring)
MPRegen  0.10/turn              (no ring)
                                (no ring)
                                (no ring)

@: berserking, lethally poisoned (0 -> 0), flying, very quick
A: almost no armour, stealthy swim, amphibious, 8 rings, constrict 8, camouflage
1, gelatinous body 1
a: no special abilities


You were on level 5 of the Dungeon.
You visited 1 branch of the dungeon, and saw 5 of its levels.

You collected 267 gold pieces.

Inventory:

Hand Weapons
 a - a +0 quarterstaff (weapon)
Missiles
 c - 3 throwing nets
 n - 42 poisoned darts (quivered)
Armour
 b - a +0 hat (worn)
Jewellery
 s - an uncursed ring of stealth {unknown}
 v - a +6 ring of strength {unknown}
Wands
 u - a wand of acid (5)
Scrolls
 d - 4 scrolls of magic mapping {unknown}
 f - a scroll of fear {unknown}
 i - 3 scrolls of identify {unknown}
 j - a scroll of remove curse {unknown}
 m - 2 scrolls of noise {unknown}
 t - 2 scrolls of enchant weapon {unknown}
Potions
 e - a potion of magic {unknown}
 g - 2 potions of flight
 h - a potion of berserk rage
 k - 2 potions of cancellation {unknown}
 l - 2 potions of haste {unknown}
 o - a potion of ambrosia {unknown}
 p - a potion of heal wounds {unknown}
 q - 2 potions of curing {unknown}
 r - 2 potions of brilliance {unknown}
 w - a potion of attraction {unknown}


   Skills:
 - Level 2.8 Fighting
 * Level 7.9 Staves
 - Level 2.0 Throwing
 - Level 4.0 Dodging
 - Level 2.9 Stealth


You had 6 spell levels left.
You didn't know any spells.
Your spell library was empty.

Dungeon Overview and Level Annotations

Branches:
Dungeon (5/15)
 Temple: D:4-7

Altars:
Trog


Innate Abilities, Weirdness & Mutations

You cannot wear most types of armour.
You are very stealthy in the water. (Stealth+)
You are amphibious.
You can wear up to eight rings at the same time.
You can use your tentacles to constrict eight enemies at once.
Your skin changes colour to match your surroundings (Stealth+).
Your rubbery body absorbs attacks. (AC +1, EV +1)


Message History

You constrict the adder. The adder completely misses you.
You are too injured to fight recklessly!
You release your grip on the adder.
You feel sick. The adder closely misses you.
The orc priest begins to cast a cantrip, but forgets the words!
The adder closely misses you.
You feel sick.
The orc priest mumbles some strange prayers to Beogh against you.
Beogh smites you!
* * * LOW HITPOINT WARNING * * *
The adder misses you.
It was a potion of flight.
You feel very buoyant.
You fly up into the air.
* * * LOW HITPOINT WARNING * * *
You feel sick. The adder closely misses you.
It was a potion of berserk rage.
A red film seems to cover your vision as you go berserk!
You feel yourself moving faster!
You feel mighty! The adder bites you.
You die...

........#
######..# ..
#....# #...
#.##o##.....
#...o......#
#..#o##$....
#..#.# .... #..#S#
... ######..#@# ..
........#.# <
####.#########)#.#
.....#.........#.#
######.#########.#
#.# #.# #.# #.#
#.# #.#
######.####


You could see an orc priest, an adder and 2 orcs.

Vanquished Creatures
  Edmund (D:5)
  An eye of draining (D:5)
  A centaur (D:5)
  A scorpion (D:5)
  2 bullfrog skeletons (D:4)
  A bullfrog zombie (D:5)
  An orc priest (D:3)
  A hound (D:5)
  2 orc wizards (D:3)
  Jessica (D:3)
  2 worker ants (D:4)
  6 adders
  An ooze (D:1)
  An adder skeleton (D:5)
  3 worms
  A dart slug (D:3)
  4 leopard geckos
  9 orcs
  2 ball pythons
  10 bats
  7 giant cockroaches
  4 hobgoblins
  9 jackals
  A quokka (D:4)
  10 frilled lizards
  8 goblins
  A jackal skeleton (D:4)
  4 kobolds
  10 rats
105 creatures vanquished.

Notes
Turn   | Place    | Note
-------+----------+-------------------------------------------
     0 | D:1      | Zeld the Octopode Gladiator began the quest for the Orb.
     0 | D:1      | Reached XP level 1. HP: 14/14 MP: 1/1
    62 | D:1      | Reached XP level 2. HP: 18/19 MP: 2/2
   508 | D:1      | Reached XP level 3. HP: 15/24 MP: 3/3
  1398 | D:2      | Reached skill level 1 in Stealth
  1423 | D:2      | Reached XP level 4. HP: 25/30 MP: 4/4
  2159 | D:3      | Reached skill level 4 in Staves
  2294 | D:3      | Noticed Jessica
  2295 | D:3      | Reached XP level 5. HP: 35/35 MP: 5/5
  2310 | D:3      | Killed Jessica
  2659 | D:3      | Reached XP level 6. HP: 33/41 MP: 6/6
  2893 | D:3      | Reached skill level 5 in Staves
  4110 | D:5      | Entered Level 5 of the Dungeon
  4113 | D:5      | Reached skill level 6 in Staves
  4113 | D:5      | Reached XP level 7. HP: 45/45 MP: 7/7
  4370 | D:5      | Reached skill level 7 in Staves
  4371 | D:5      | Found a bloodstained altar of Trog.
  4447 | D:5      | Noticed Edmund
  4454 | D:5      | Killed Edmund
  4485 | D:5      | HP: 2/45 [orc priest/divine providence (12)]
  4490 | D:5      | Slain by an adder

Illustrated notes

Levels and vault maps discovered:
D:1:      saegor_arrival_simple_b, layout_basic, minmay_hedge_maze,
          minmay_misc_feat_chi
D:2:      layout_rooms
D:3:      layout_loops_cross, due_unseen_surprise, uniq_jessica
D:4:      layout_gridville, kennysheep_generic_room_8
D:5:      layout_basic, cheibrodos_sewer_entry_drain, trog_eyes_of_draining,
          uniq_edmund

Skill      XL: |  1  2  3  4  5  6  7 |
---------------+----------------------+-----
Stealth        | 1 2 |  2.9
Staves         | 4 6 7 |  7.9
Dodging        | 4 |  4.0
Fighting       | |  2.8
Throwing       | |  2.0

Action                   |  1- 3 |  4- 6 |  7- 9 || total
-------------------------+-------+-------+-------++-------
Melee: Quarterstaff      |    91 |    96 |    33 ||   220
       Constrict         |    22 |    27 |     8 ||    57
       Tentacles         |    15 |    17 |     7 ||    39
  Use: Potion            |       |       |     2 ||     2
 Stab: Sleeping          |     6 |     9 |       ||    15
       Distracted        |       |     1 |       ||     1
Armor: Skin              |    10 |     5 |     1 ||    16
Dodge: Dodged            |    81 |    79 |    23 ||   183
